 Dungeon Crawl Stone Soup version 0.31-a0-240-gb923e448b6 (webtiles) character file.

Game seed: 545113780725398721

1319 qw the Skirmisher (level 8, -1/70 HPs)
             Began as a Minotaur Hexslinger on July 11, 2023.
             Succumbed to a kobold brigand's curare-tipped dart
             ... on level 6 of the Dungeon.
             The game lasted 00:02:16 (5771 turns).

qw the Skirmisher (Minotaur Hexslinger)             Turns: 5771, Time: 00:02:16

Health: -1/70      AC: 10    Str: 13    XL:     8   Next: 33%
Magic:  8/8        EV: 11    Int: 10    God:
Gold:   349        SH:  0    Dex: 15    Spells: 8/9 levels left

rFire   . . .        c - +0 shortbow
rCold   + . .        (shield currently unavailable)
rNeg    . . .        h - +2 ring mail {rC+}
rPois   .            (helmet restricted)
rElec   .            (no cloak)
rCorr   .            f - +1 pair of gloves
SInv    +            d - +0 pair of boots
Will    .....        m - amulet of faith
Stlth   +            l - ring of see invisible
HPRegen 0.31/turn    (no ring)
MPRegen 0.11/turn

%: faith
@: lethally poisoned (-1 -> -40), slowed, very slow
A: horns 2, retaliatory headbutt
a: no special abilities


You were on level 6 of the Dungeon.
You visited 1 branch of the dungeon, and saw 6 of its levels.

You collected 397 gold pieces.
You spent 48 gold pieces at shops.


Innate Abilities, Weirdness & Mutations

You have a pair of horns on your head.
You reflexively headbutt those who attack you in melee.


   Skills:
 - Level 6.0 Fighting
 + Level 9.4 Ranged Weapons
 - Level 2.0 Armour
 - Level 3.1 Dodging
 - Level 1.0 Spellcasting
 - Level 2.0 Hexes


You had 8 spell levels left.
You knew the following spells:

 Your Spells              Type           Power      Damage    Failure   Level
a - Slow                  Hex            16%        N/A       32%         1

Your spell library contained the following spells:

 Spells                   Type           Power      Damage    Failure   Level
 Inner Flame              Hex/Fire       2%         N/A       82%         3
 Portal Projectile        Hex/Tloc       4%         N/A       82%         3
 Cause Fear               Hex            2%         N/A       97%         4

Inventory:

Hand Weapons
 c - a +0 shortbow (weapon)
Armour
 d - a +0 pair of boots (worn)
 f - a +1 pair of gloves (worn)
 h - a +2 ring mail of cold resistance (worn)
Jewellery
 k - an amulet of reflection
 l - a ring of see invisible (left hand)
 m - an amulet of faith (around neck)
Scrolls
 a - 6 scrolls of identify
 n - a scroll of vulnerability {unknown}
Potions
 b - 2 potions of might
 e - 3 potions of haste
 g - a potion of enlightenment
 i - 4 potions of curing
 j - a potion of mutation

Dungeon Overview and Level Annotations

Branches:
Dungeon (6/15)
 Temple: D:4-7

Altars:
Ashenzari
Hepliaklqana
Ru
Sif Muna
Wu Jian
Zin

Shops:
D:2 *

Annotations:
D:6 1 runed translucent door, Crazy Yiuf


Message History

You shoot an arrow. The ogre shouts!
The arrow hits the kobold.
You kill the kobold!
You feel very sick.
An orc wizard comes into view. It is wielding a +0 dagger.
An orc comes into view. It is wielding a +0 short sword.
An orc priest comes into view. It is wielding a +0 club.
The orc wizard casts a spell.
The orc wizard flickers and vanishes for a moment.
You shoot an arrow. The orc shouts!
The arrow hits the kobold brigand.
The kobold brigand is moderately wounded.
You feel very sick.
You shoot an arrow. The arrow hits the kobold brigand!
The kobold brigand is heavily wounded.
You feel sick.
The orc priest calls down the wrath of Beogh upon you.
Beogh smites you!
The kobold brigand throws a curare-tipped dart.
The curare-tipped dart hits you.
You are more poisoned.
You have difficulty breathing.
You feel as though you will be slow longer.
The kobold brigand throws a curare-tipped dart.
The curare-tipped dart hits you.
You are more poisoned.
You have difficulty breathing.
You feel as though you will be slow longer.
You shoot an arrow. The arrow hits the kobold brigand.
The kobold brigand is severely wounded.
You feel extremely sick.
The kobold brigand throws a curare-tipped dart.
The curare-tipped dart hits you.
You are more poisoned.
You have difficulty breathing.
You feel as though you will be slow longer.
5771 ||| Stepping ~*~*~tactically~*~*~ (outnumbered).
You die...

###########
#############.........###
........@.............%..
##.....###....).......##.
+....O #...###########.
#.oK.. #...# #. #.oo..
#...# #. #))... #...# #.
....... #...# #. )....##
#...# ###. #...# #...


You could see a kobold brigand, an orc wizard (invisible) and an orc.

Vanquished Creatures
  Menkaure (D:4)
  Pargi (D:4)
  A black bear (D:5)
  A centaur (D:6)
  2 phantoms
  A kobold brigand (D:6)
  3 scorpions
  2 jellies (D:5)
  Terence (D:2)
  3 iguanas
  An orc wizard (D:4)
  Natasha (thrice) (D:2)
  Robin (D:2)
  11 adders
  A gnoll (D:2)
  A shadow imp (D:5)
  An ufetubus (D:3)
  2 worms
  A dart slug (D:4)
  18 orcs
  11 ball pythons
  10 bats
  5 endoplasms
  5 giant cockroaches
  20 goblins
  8 hobgoblins
  13 kobolds
  4 quokkas
  2 frilled lizards
  26 rats
160 creatures vanquished.

Notes
Turn   | Place    | Note
-------+----------+-------------------------------------------
     0 | D:1      | qw the Minotaur Hexslinger began the quest for the Orb.
     0 | D:1      | Reached XP level 1. HP: 16/16 MP: 1/1
     0 | D:1      | 0 ||| qw: Version: 0.3-a-52-g30416fa
     0 | D:1      | 0 ||| qw: Game counter: 5983
     0 | D:1      | 0 ||| qw: Melee chars always use a shield: true
     0 | D:1      | 0 ||| qw: God list: Okawaru
     0 | D:1      | 0 ||| qw: Allow faded altars: false
     0 | D:1      | 0 ||| qw: Do Orc after clearing Dungeon:15 true
     0 | D:1      | 0 ||| qw: Do second Lair branch before Depths: true
     0 | D:1      | 0 ||| qw: Lair rune preference: random
     0 | D:1      | 0 ||| qw: Goals: Normal
     0 | D:1      | 0 ||| PLANNING D:1-11
   126 | D:1      | Reached skill level 3 in Ranged Weapons
   126 | D:1      | Reached XP level 2. HP: 23/23 MP: 2/2
   524 | D:1      | Reached XP level 3. HP: 29/29 MP: 3/3
   821 | D:1      | 821 ||| UPGRADING to +0 pair of boots.
   826 | D:1      | 826 ||| UPGRADING to amulet of reflection.
   831 | D:1      | 831 ||| DROPPING ring of flight.
   832 | D:1      | 832 ||| UPGRADING to ring of see invisible.
   833 | D:1      | 833 ||| READING 4 scrolls labelled SEZAOLLEOTS.
   834 | D:1      | 834 ||| READING scroll labelled JONIXT UNOKK.
   887 | D:1      | 887 ||| READING scroll labelled ORAMERU OZXO.
   888 | D:1      | 888 ||| READING scroll labelled HYTUNO DIVUTS.
   889 | D:1      | 889 ||| DRINKING 2 white potions.
   890 | D:1      | 890 ||| READING 3 scrolls of identify.
   890 | D:1      | 890 ||| IDENTIFYING fizzy emerald potion
   891 | D:1      | 891 ||| DROPPING scroll of poison.
   946 | D:2      | Found Piaw's Assorted Antiques.
  1041 | D:2      | Reached skill level 4 in Ranged Weapons
  1246 | D:2      | Noticed Robin
  1275 | D:2      | Killed Robin
  1276 | D:2      | Reached XP level 4. HP: 16/36 MP: 4/4
  1519 | D:2      | Noticed Natasha
  1524 | D:2      | Killed Natasha
  1525 | D:2      | Reached skill level 5 in Ranged Weapons
  1682 | D:2      | Noticed Natasha
  1692 | D:2      | Killed Natasha
  1693 | D:2      | Reached XP level 5. HP: 22/42 MP: 5/5
  1788 | D:2      | Noticed Natasha
  1795 | D:2      | Killed Natasha
  1796 | D:2      | Reached skill level 3 in Fighting
  1807 | D:2      | Noticed Terence
  1815 | D:2      | Killed Terence
  2224 | D:2      | 2224 ||| BUYING scroll labelled TIOCLI OFARALUD (16 gold).
  2224 | D:2      | Bought a scroll labelled TIOCLI OFARALUD for 16 gold pieces
  2224 | D:2      | 2224 ||| BUYING scroll of identify (32 gold).
  2224 | D:2      | Bought a scroll of identify for 32 gold pieces
  2439 | D:2      | 2439 ||| UPGRADING to +2 ring mail of cold resistance.
  2449 | D:2      | 2449 ||| DROPPING +0 robe.
  2450 | D:2      | 2450 ||| READING scroll labelled UZUN OKEPES.
  2451 | D:2      | 2451 ||| READING scroll labelled TIOCLI OFARALUD.
  2452 | D:2      | 2452 ||| READING 5 scrolls of identify.
  2452 | D:2      | 2452 ||| IDENTIFYING sapphire potion
  2453 | D:2      | 2453 ||| READING 4 scrolls of identify.
  2453 | D:2      | 2453 ||| IDENTIFYING amethyst potion
  2454 | D:2      | 2454 ||| READING 3 scrolls of identify.
  2454 | D:2      | 2454 ||| IDENTIFYING clear potion
  2455 | D:2      | 2455 ||| DROPPING potion of brilliance.
  2456 | D:2      | 2456 ||| DROPPING potion of lignification.
  2796 | D:3      | Found a faded altar of an unknown god.
  2828 | D:3      | Reached skill level 1 in Armour
  2883 | D:3      | Found a sacrificial altar of Ru.
  2933 | D:3      | 2933 ||| READING scroll of enchant weapon.
  2933 | D:3      | 2933 ||| ENCHANTING +2 sling.
  2951 | D:3      | Reached skill level 6 in Ranged Weapons
  2951 | D:3      | Reached XP level 6. HP: 36/51 MP: 6/6
  3636 | D:3      | 3636 ||| READING scroll labelled AKKAAPSEAGG.
  3637 | D:3      | 3637 ||| READING scroll labelled QUENA ROSKUNNUSEMO.
  3738 | D:3      | 3738 ||| DRINKING 3 viscous blue potions.
  3739 | D:3      | 3739 ||| DRINKING 2 coppery potions.
  3740 | D:3      | 3740 ||| DROPPING potion of attraction.
  3812 | D:4      | Noticed Menkaure
  3823 | D:4      | Killed Menkaure
  3824 | D:4      | Reached skill level 7 in Ranged Weapons
  3984 | D:4      | Noticed Pargi
  4001 | D:4      | Killed Pargi
  4002 | D:4      | Reached XP level 7. HP: 58/59 MP: 7/7
  4061 | D:4      | Found a glowing silver altar of Zin.
  4181 | D:4      | Reached skill level 8 in Ranged Weapons
  4641 | D:4      | 4641 ||| UPGRADING to +1 pair of gloves.
  4655 | D:5      | Entered Level 5 of the Dungeon
  4665 | D:5      | 4665 ||| STAIRDANCE
  4801 | D:5      | Found a hazy altar of Hepliaklqana.
  4850 | D:5      | Found a broken altar of Ashenzari.
  4861 | D:5      | Found an ornate altar of the Wu Jian Council.
  4974 | D:5      | Reached XP level 8. HP: 69/69 MP: 8/8
  4990 | D:5      | Reached skill level 9 in Ranged Weapons
  5108 | D:5      | Found a shimmering blue altar of Sif Muna.
  5252 | D:5      | 5252 ||| UPGRADING to amulet of faith.
  5262 | D:5      | 5262 ||| READING 7 scrolls of identify.
  5262 | D:5      | 5262 ||| IDENTIFYING green potion
  5298 | D:6      | Reached skill level 3 in Dodging
  5348 | D:6      | 5348 ||| Stepping ~*~*~tactically~*~*~ (outnumbered).
  5349 | D:6      | 5349 ||| Stepping ~*~*~tactically~*~*~ (outnumbered).
  5378 | D:6      | Reached skill level 6 in Fighting
  5549 | D:6      | Found a runed translucent door.
  5550 | D:6      | Noticed Crazy Yiuf
  5600 | D:6      | HP: 13/70 [iguana (6)]
  5601 | D:6      | 5601 ||| DRINKING 2 potions of heal wounds.
  5608 | D:6      | HP: 14/70 [iguana (4)]
  5609 | D:6      | 5609 ||| DRINKING potion of heal wounds.
  5745 | D:6      | 5745 ||| SWAPPING to +0 shortbow.
  5746 | D:6      | 5746 ||| DROPPING +3 sling.
  5770 | D:6      | HP: 12/70 [asphyx]
  5771 | D:6      | 5771 ||| Stepping ~*~*~tactically~*~*~ (outnumbered).
  5771 | D:6      | Succumbed to a kobold brigand's curare-tipped dart

Levels and vault maps discovered:
D:1:      doesnt_arrival_eight_statues, layout_basic, roderic_filled_cross,
          minivault_5, ebering_dispersal_statue_hall
D:2:      minmay_razor_zed, layout_basic, serial_shops, shop_statue,
          uniq_terence, uniq_natasha, uniq_robin
D:3:      layout_loops_ring, nicolae_ru_sacrificial_ziggurat,
          chequers_ecumenical_altar_island, minmay_vboxes
D:4:      layout_loops_ring, amcnicky_altar_gilded, minmay_rat_hole, uniq_pargi,
          uniq_menkaure
D:5:      layout_rooms, lemuel_round_altar, worldfamousw_hep_ancestral_shrine,
          amethyst_overflow_temple_binary
D:6:      layout_basic, kiku_gazebo_garden_becter, lemuel_round_altar,
          temple_statues, uniq_crazy_yiuf_cottage

Skill      XL: |  1  2  3  4  5  6  7  8 |
---------------+-------------------------+-----
Ranged Weapons | 3 4 5 6 7 8 9 |  9.4
Fighting       | 2 3 4 5 6 |  6.0
Armour         | 1 2 |  2.0
Dodging        | 3 |  3.1
Spellcasting   | |  1.0
Hexes          | |  2.0

Action                     |  1- 3 |  4- 6 |  7- 9 || total
---------------------------+-------+-------+-------++-------
   Fire: Sling             |   134 |   250 |   205 ||   589
         Shortbow          |       |       |     9 ||     9
    Use: Scroll            |     5 |     8 |     1 ||    14
         Potion            |     1 |     2 |     2 ||     5
 Armour: Robe              |    19 |    15 |       ||    34
         Ring mail         |       |    56 |    54 ||   110
  Dodge: Dodged            |    41 |   119 |    69 ||   229
  Block: Other             |    14 |    42 |    16 ||    72

Table legend:
 A = Non-vault XP
 B = Vault XP
 C = Vault XP percentage of total XP
 D = Non-vault monster count
 E = Vault monster count
 F = Vault count percentage of total count
                 A         B        C        D         E       F
            +---------+---------+-------+---------+---------+-------
      Total |    1395 |     490 |  26.0 |     108 |      52 |  32.5
            +---------+---------+-------+---------+---------+-------
        D:1 |      47 |       0 |   0.0 |      27 |       0 |   0.0
        D:2 |     116 |     136 |  54.0 |      14 |      26 |  65.0
        D:3 |     168 |      32 |  16.0 |      22 |       5 |  18.5
        D:4 |     186 |     322 |  63.4 |      19 |      21 |  52.5
        D:5 |     503 |       0 |   0.0 |      13 |       0 |   0.0
        D:6 |     375 |       0 |   0.0 |      13 |       0 |   0.0
            +---------+---------+-------+---------+---------+-------
